 Dungeon Crawl Stone Soup version 0.30-a0-639-g3916f1956a (webtiles) character file.

Game seed: 8329206132208931897

78899 OTABOTABOTAB the Spry (level 15, 0/75 HPs)
             Began as a Felid Summoner on Jan 16, 2023.
             Was an Initiate of Gozag.
             Killed from afar by a naga (10 damage)
             ... with a splash of poison
             ... on level 2 of the Snake Pit.
             The game lasted 02:02:16 (42076 turns).

OTABOTABOTAB the Spry (Felid Summoner)             Turns: 42076, Time: 02:02:17

Health: 0/75       AC:  3    Str:  4    XL:     15   Next: 19%
Magic:  8/30       EV: 31    Int: 30    God:    Gozag
Gold:   2541       SH:  0    Dex: 17    Spells: 2/34 levels left
                                        Lives:  0   Deaths: 2

rFire   . . .      SeeInvis +    (weapon unavailable)
rCold   + . .      Faith    .    (shield unavailable)
rNeg    . . .      Spirit   .    (body armour unavailable)
rPois   .          Reflect  .    (helmet unavailable)
rElec   .          Harm     .    (cloak unavailable)
rCorr   .          Rampage  .    (gloves unavailable)
Will    ++...                    (boots unavailable)
Stlth   ++                       l - amulet of magic regeneration
HPRegen 0.32/turn                f - +6 ring of intelligence
MPRegen 0.62/turn                Z - ring of wizardry {Wiz+, !d}

@: lethally poisoned (0 -> -5), gold aura, invisible, quick
A: very small, claws 1, fangs 3, see invisible, speed 1, shaggy fur 3, stealthy
paws, no weapons or thrown items, no armour, multi-lived
a: Renounce Religion, Potion Petition, Call Merchant, Bribe Branch


You were on level 2 of the Snake Pit.
You worshipped Gozag.
Gozag was most pleased with you.
You visited 5 branches of the dungeon, and saw 25 of its levels.
You also visited: Sewer.

You collected 11260 gold pieces.
You spent 1156 gold pieces at shops.
You paid 7563 gold pieces to Gozag.

Inventory:

Missiles
 c - a throwing net {!d}
 g - 11 curare-tipped darts
Jewellery
 b - a ring of resist corrosion
   (You found it on level 8 of the Dungeon)
 f - a +6 ring of intelligence (left paw)
   (You found it on level 1 of the Dungeon)
 l - an amulet of magic regeneration (around neck)
   (You bought it in a shop on level 15 of the Dungeon)
 o - an amulet of guardian spirit
   (You found it on level 2 of the Snake Pit)
 A - a ring of protection from fire {rF+, !d}
   (You found it on level 5 of the Lair of Beasts)
 Z - a ring of wizardry (right paw) {Wiz+, !d}
   (You found it on level 13 of the Dungeon)
Wands
 d - a wand of digging (8)
   (You took it off Terence on level 3 of the Dungeon)
 e - a wand of charming (15)
   (You found it on level 4 of the Dungeon)
 h - a wand of acid (14)
   (You found it on level 8 of the Dungeon)
 i - a wand of iceblast (7)
   (You found it on level 4 of the Lair of Beasts)
 j - a wand of polymorph (10)
   (You found it on level 14 of the Dungeon)
 q - a wand of flame (34)
   (You found it on level 7 of the Dungeon)
 y - a wand of mindburst (5)
   (You took it off Ijyb on level 4 of the Dungeon)
Scrolls
 a - 2 scrolls of fog
 n - 5 scrolls of amnesia
 r - 12 scrolls of identify {@r1}
 D - a scroll of blinking {!r}
 E - 2 scrolls of fear
 O - 2 scrolls of silence
 X - 5 scrolls of magic mapping {@r4!r}
 Y - 4 scrolls of teleportation {@r3}
Potions
 k - a potion of might
 m - 6 potions of attraction {!q}
 B - 2 potions of brilliance
 G - 2 potions of ambrosia {!q}
 H - 6 potions of haste
 I - a potion of invisibility
 J - 9 potions of curing {@q1}
 M - a potion of magic
 P - 10 potions of lignification {!q}
 R - a potion of resistance
 T - 2 potions of berserk rage {!q}
 U - 4 potions of mutation {!q}
Miscellaneous
 w - a phial of floods
   (You found it on level 5 of the Lair of Beasts)
 z - a box of beasts
   (You found it on level 10 of the Dungeon)


   Skills:
 + Level 14.3 Fighting
 + Level 18.3 Dodging
 - Level 2.6 Stealth
 - Level 10.0 Spellcasting
 - Level 5.0 Hexes
 + Level 14.9 Summonings
 - Level 10.0 Translocations
 * Level 8.7 Transmutations
 * Level 10.2 Air Magic


You had 2 spell levels left.
You knew the following spells:

 Your Spells              Type           Power      Damage    Failure   Level
a - Summon Small Mammal   Summ           100%       N/A       0%          1
b - Call Canine Familiar  Summ           81%        N/A       0%          3
c - Call Imp              Summ           81%        N/A       0%          2
d - Summon Guardian Gole  Hex/Summ       65%        N/A       1%          3
e - Summon Lightning Spi  Summ/Air       74%        N/A       1%          4
f - Summon Forest         Summ/Tloc      37%        N/A       1%          5
g - Summon Hydra          Summ           40%        N/A       2%          7
h - Storm Form            Tmut/Air       32%        N/A       24%         7

Your spell library contained the following spells:

 Spells                   Type           Power      Damage    Failure   Level
 Magic Dart               Conj           60%        1d6       1%          1
 Necrotise                Necr           60%        1d7       1%          1
 Shock                    Conj/Air       100%       1d9       1%          1
 Sting                    Tmut/Pois      100%       1d8       1%          1
 Blink                    Tloc           100%       N/A       1%          2
 Poisonous Vapours        Pois/Air       90%        N/A       1%          2
 Static Discharge         Conj/Air       90%        2-6/arc   1%          2
 Searing Ray              Conj           30%        2d5       2%          2
 Kindle Blastsparks       Fire/Tloc/Air  100%       2d18      1%          3
 Vhi's Electric Charge    Tloc/Air       100%       N/A       1%          3
 Iskenderun's Mystic Bla  Conj/Tloc      45%        2d10      1%          4
 Manifold Assault         Tloc           66%        N/A       1%          4
 Vampiric Draining        Necr           15%        2d7       4%          3
 Fulminant Prism          Conj/Hex       15%        3d11      4%          4
 Leda's Liquefaction      Hex/Erth       15%        N/A       4%          4
 Arcjolt                  Conj/Air       22%        1d32      4%          5
 Olgreb's Toxic Radiance  Pois           15%        N/A       14%         4
 Conjure Ball Lightning   Conj/Air       22%        3x3d6     26%         6
 Eringya's Noxious Bog    Tmut/Pois      20%        N/A       32%         6
 Statue Form              Tmut/Erth      27%        N/A       32%         6
 Agony                    Necr           15%        N/A       34%         5
 Fireball                 Conj/Fire      7%         3d5       34%         5
 Iskenderun's Battlesphe  Conj           15%        2d7       34%         5
 Lee's Rapid Deconstruct  Erth           7%         3d7*      34%         5
 Orb of Destruction       Conj           7%         9d6       100%        7
 Polar Vortex             Ice            7%         N/A       100%        9
 Portal Projectile        Hex/Tloc       Unusable   N/A       N/A         3

Dungeon Overview and Level Annotations

Branches:
Dungeon (15/15)            Temple (1/1) D:5            Lair (5/5) D:9
 Shoals (0/4) Lair:3        Snake (2/4) Lair:2        Slime (0/5) Lair:4
    Orc (2/2) D:12            Elf (0/3) Orc:2        Vaults (0/5) D:14
 Depths (0/4) D:15          Sewer (visited)

Altars:
Ashenzari
Cheibriados
Dithmenos
Elyvilon
Fedhas
Gozag
Hepliaklqana
Kikubaaqudgha
Makhleb
Nemelex Xobeh
Okawaru
Qazlal
Ru
Sif Muna
Trog
Uskayaw
Vehumet
Wu Jian
Xom
Yredelemnul
Zin
The Shining One
Jiyva

Shops:
D:4 *   D:9 :?*   D:13 [   D:15 =   Orc:2 =*[((:   Lair:1 :   Lair:3 :

Portals:
Hell: Lair:5

Annotations:
D:10 3 runed translucent doors, 2 transporters, Mitcholas's ghost, novice DEHu
D:14 1 runed translucent door


Innate Abilities, Weirdness & Mutations

You have sharp claws.
You have razor-sharp teeth.
You have supernaturally acute eyesight. (SInv)
You cover ground quickly. (Speed+)
Your thick and shaggy fur keeps you warm. (AC +3, rC+)
Your paws help you pounce on unaware monsters.
You are incapable of wielding weapons or throwing items.
You cannot wear armour.
You gain extra lives every three experience levels.


Message History

Flame seeps out of your guardian golem.
Your guardian golem struggles to escape constriction.
Your crimson imp hits the naga but does no damage.
Your quokka bites the naga warrior but does no damage.
The naga sharpshooter shoots an arrow.
The arrow hits your guardian golem!
Your guardian golem disappears in a puff of smoke!
The fiery explosion engulfs the naga warrior!!!
The naga warrior dies!
The fiery explosion engulfs your nine-headed hydra!
The fiery explosion engulfs the naga sharpshooter!
You now have 9/30 mp.
What are your orders? t - Meow!
Orders for allies: a - Attack new target. r - Retreat! s - Stop attacking. g - Guard the area. f - Follow me.
Anything else - Cancel.
Gang up on whom?
Aim: a naga sharpshooter, wielding a +0 shortbow (moderately wounded, ally target) Attack!
The naga hits your crimson imp with a +0 short sword!
Your crimson imp dies!
Your crimson imp disappears in a puff of smoke!
Your quokka bites the naga sharpshooter.
The naga sharpshooter spits poison at you.
The splash of poison misses you.
You fade into invisibility!
Your quokka bites the naga sharpshooter.
The guardian serpent hits your warg.
The naga sharpshooter shoots an arrow.
The arrow closely misses you.
Your nine-headed hydra is engulfed in blazing flames.
Your nine-headed hydra bites the naga sharpshooter.
Your nine-headed hydra barely misses the naga sharpshooter.
Your nine-headed hydra bites the naga sharpshooter!
Your nine-headed hydra bites the naga sharpshooter but does no damage.
Your nine-headed hydra bites the naga sharpshooter.
Your nine-headed hydra closely misses the naga sharpshooter.
Your nine-headed hydra bites the naga sharpshooter.
Your nine-headed hydra bites the naga sharpshooter! x2
Your quokka bites the naga sharpshooter but does no damage.
The guardian serpent coils itself and waves its upper body at you.
The bolt of poison misses you. The naga barely misses your warg. x2
The naga sharpshooter shoots an arrow.
The arrow barely misses your nine-headed hydra.
An eight-headed hydra appears.
Your warg closely misses the guardian serpent.
Your quokka bites the naga sharpshooter but does no damage.
Your nine-headed hydra is engulfed in blazing flames.
Your nine-headed hydra bites the naga sharpshooter! x2
The naga sharpshooter dies!
Your nine-headed hydra bites the guardian serpent! x2
The guardian serpent dies!
The naga hits your warg with a +0 short sword!
The naga grabs your warg. The naga constricts your warg.
Your warg barely misses the naga.
You now have 4/30 mp.
Your nine-headed hydra is engulfed in blazing flames.
Your warg struggles to escape constriction.
The naga hits your warg with a +0 short sword!
Your warg dies!
Your warg's corpse disappears in a puff of smoke!
Your quokka closely misses the naga.
The naga hits your nine-headed hydra with a +0 short sword!!
Your nine-headed hydra dies!
Your nine-headed hydra's corpse disappears in a puff of smoke!
What are your orders? t - Meow!
Orders for allies: a - Attack new target. r - Retreat! s - Stop attacking. g - Guard the area. f - Follow me.
Anything else - Cancel.
Gang up on whom?
Aim: a naga, wielding a +0 flail Attack!
The naga spits poison at you. The splash of poison misses you.
Your quokka barely misses the naga.
Your eight-headed hydra is engulfed in blazing flames.
Your quokka bites the naga.
Your quokka completely misses the naga.
Your eight-headed hydra barely misses the naga.
Your eight-headed hydra bites the naga. x2
Your eight-headed hydra bites the naga!
Your eight-headed hydra closely misses the naga.
Your eight-headed hydra bites the naga!
The naga dies!
What are your orders? t - Meow!
Orders for allies: a - Attack new target. r - Retreat! s - Stop attacking. g - Guard the area. f - Follow me.
Anything else - Cancel.
Gang up on whom?
Aim: a naga, wielding a +0 mace and wearing a +0 robe (ally target) Attack!
Your eight-headed hydra disappears in a puff of smoke!
The naga spits poison at you. The splash of poison hits you!
You are poisoned.
You die...
Your body crumbles into a pile of gold.

# #........# ##.
#.......^#
##...##r.##....#
...N..NN.##....#
....S##§○$.....#
.## #.§##....#
#☼°##....#
#..##....#
#.@##....#
#..##....# $
#####....#
#....#


You could see 2 nagas and a friendly quokka (summoned).

Vanquished Creatures
  4 bats (D:14)
4 creatures vanquished.

Vanquished Creatures (collateral kills)
  Jorgrun (D:15)
  Gastronok (Lair:2)
  Agnes (D:15)
  Kirke (D:14)
  Roxanne (D:15)
  Louise (D:15)
  An orc warlord (Orc:2)
  The ghost of Iich the Severer, a journeyman DsBe of Trog (Lair:5)
  Azrael (D:15)
  The ghost of acebull12 the Grappler, a journeyman TrGl (Lair:5)
  A dire elephant (Lair:5)
  The ghost of arthad the Summoner, a journeyman FeSu of Gozag (Lair:5)
  4 vault guards (D:14)
  Harold (D:9)
  6 hydras
  Fannar (D:11)
  A catoblepas (Lair:5)
  A hell beast (Lair:5)
  2 centaur warriors
  4 anacondas (Snake:2)
  11 death yaks (Lair:5)
  A naga warrior (Snake:2)
  4 orc high priests
  6 boulder beetles
  5 shock serpents
  4 naga sharpshooters (Snake:2)
  Sonja (Lair:4)
  7 skeletal warriors
  3 naga ritualists
  A salamander mystic (Snake:2)
  3 sea snakes (Snake:2)
  2 wizards
  A necromancer (D:15)
  A deep elf zephyrmancer (D:15)
  3 deep elf pyromancers
  5 cyclopes
  6 orc knights
  8 ugly things
  6 mana vipers
  4 orc sorcerers (Orc:2)
  2 manticores
  A wolf spider (D:15)
  2 centaur zombies (D:15)
  4 salamanders
  13 elephants
  12 black mambas
  A guardian serpent (Snake:2)
  8 cane toads
  A black mamba (shapeshifter) (D:12)
  A torpor snail (Lair:5)
  4 orange demons
  6 naga magi
  A smoke demon (Lair:5)
  2 rime drakes
  An unseen horror (D:12)
  A kobold demonologist (D:14)
  A freezing wraith (D:15)
  An efreet (D:13)
  5 komodo dragons
  A tengu conjurer (D:15)
  2 red devils (Lair:5)
  2 hornets
  2 trolls (Orc:2)
  Grinder (D:5)
  A polar bear (Lair:5)
  12 blink frogs
  5 nameless horrors
  12 dream sheep
  2 centaur simulacra (D:15)
  15 slime creatures
  A shadow (D:14)
  3 vampires
  Sigmund (D:2)
  21 yaks
  5 wyverns
  3 basilisks
  19 fire bats (D:14)
  Eustachio (D:6)
  5 wraiths
  3 hogs (D:14)
  A human (D:8)
  A steam dragon (Lair:4)
  5 fire elementals (D:15)
  3 vampire mosquitoes
  6 wargs
  2 acid dragons
  13 nagas
  11 water moccasins
  5 hell hounds
  30 orc warriors
  2 ice beasts (D:7)
  A black bear (D:6)
  10 wolves
  8 ogres
  A boggart (D:14)
  2 centaurs (D:12)
  A phantom (D:5)
  3 kobold brigands
  Blork the orc (D:5)
  8 bullfrogs
  A necrophage (D:8)
  A scorpion (D:7)
  A gnoll sergeant (D:11)
  6 wights
  8 killer bees
  4 howler monkeys
  3 jellies
  5 hounds
  17 orc priests
  Ijyb (D:4)
  Terence (D:3)
  7 iguanas
  Natasha (thrice) (D:3)
  32 orc wizards
  A mummy (D:6)
  Robin (D:3)
  12 gnolls
  6 adders
  A shadow imp (D:7)
  A white imp (D:7)
  3 worms
  3 dart slugs
  90 orcs
  4 endoplasms
  6 giant cockroaches
  22 goblins
  3 hobgoblins
  19 kobolds
  7 quokkas
  4 ball pythons
  83 bats
  3 frilled lizards (D:1)
  11 rats
  A bush (Lair:5)
783 creatures vanquished.

Vanquished Creatures (others)
  An orc warlord (Orc:2)
  A two-headed ogre (D:9)
  A boulder beetle (D:13)
  A naga warrior (Snake:2)
  4 death yaks (Lair:5)
  An orc high priest (Orc:2)
  Amaemon (D:10)
  2 skeletal warriors
  A wizard (D:15)
  Pikel (D:4)
  2 ugly things (D:14)
  2 manticores
  3 elephants (Lair:5)
  Joseph (D:9)
  3 cane toads (Lair:5)
  An ice devil (Lair:5)
  2 rime drakes (Lair:5)
  5 komodo dragons
  A wind drake (Lair:3)
  2 trolls (D:12)
  2 blink frogs
  5 dream sheep
  A shadow (D:10)
  A hog (D:14)
  11 yaks
  2 wraiths
  A human (D:8)
  3 steam dragons
  A water moccasin (Lair:1)
  An acid dragon (D:10)
  A nameless horror (D:15)
  An orc warrior (Orc:2)
  Pargi (Sewer)
  2 wolves (Lair:1)
  3 centaurs (D:12)
  A lemure (D:4)
  2 gnoll sergeants
  A bullfrog (D:9)
  2 wights
  A killer bee (D:11)
  4 orc priests
  5 orc wizards
  A gnoll (D:10)
  3 orcs
  3 bushes (Lair:5)
  39 fungi
  43 plants
  6 snaplasher vines
183 creatures vanquished.

Grand Total: 970 creatures vanquished

Notes
Turn   | Place    | Note
-------+----------+-------------------------------------------
     0 | D:1      | OTABOTABOTAB the Felid Summoner began the quest for the
                  | Orb.
     0 | D:1      | Reached XP level 1. HP: 7/7 MP: 4/4
   221 | D:1      | Reached XP level 2. HP: 11/11 MP: 3/6
   224 | D:1      | Learned a level 2 spell: Call Imp
  1539 | D:2      | Reached XP level 3. HP: 13/14 MP: 2/8
  1543 | D:2      | Learned a level 3 spell: Call Canine Familiar
  1753 | D:2      | Found a faded altar of an unknown god.
  2040 | D:2      | Noticed Sigmund
  2732 | D:2      | Killed Sigmund
  2733 | D:2      | Reached skill level 4 in Spellcasting
  2733 | D:2      | Reached skill level 5 in Summonings
  2733 | D:2      | Reached XP level 4. HP: 18/18 MP: 1/11
  2733 | D:2      | Reached XP level 5. HP: 21/21 MP: 1/12
  2820 | D:2      | Learned a level 3 spell: Summon Guardian Golem
  2832 | D:3      | Noticed Natasha
  2851 | D:3      | Killed Natasha
  2933 | D:3      | Noticed Terence
  2965 | D:3      | Killed Terence
  2966 | D:3      | Reached skill level 3 in Dodging
  2966 | D:3      | Reached skill level 1 in Hexes
  3155 | D:3      | Noticed Robin
  3160 | D:3      | Gained mutation: You are covered in thick fur. (AC +2)
                  | [Felid growth]
  3160 | D:3      | Reached XP level 6. HP: 25/25 MP: 6/13
  3168 | D:3      | Killed Robin
  3422 | D:3      | Found a glowing drain.
  3426 | Sewer    | Entered a sewer
  3506 | Sewer    | Noticed Pargi
  3522 | Sewer    | Killed Pargi
  3523 | Sewer    | Reached skill level 1 in Fighting
  3523 | Sewer    | Reached skill level 2 in Hexes
  4064 | D:3      | Noticed Natasha
  4074 | D:3      | Killed Natasha
  4105 | D:3      | Noticed Natasha
  4113 | D:3      | Killed Natasha
  4371 | D:4      | Noticed Pikel
  4392 | D:4      | Killed Pikel
  4393 | D:4      | Reached skill level 2 in Fighting
  4393 | D:4      | Reached skill level 4 in Dodging
  4393 | D:4      | Reached skill level 4 in Hexes
  4393 | D:4      | Reached skill level 6 in Summonings
  4393 | D:4      | Reached XP level 7. HP: 30/30 MP: 2/15
  4512 | D:4      | Found a bloodstained altar of Trog.
  4901 | D:4      | Found a glowing silver altar of Zin.
  4911 | D:4      | Noticed Ijyb
  4924 | D:4      | Killed Ijyb
  4925 | D:4      | Reached skill level 5 in Spellcasting
  5041 | D:4      | Reached skill level 3 in Fighting
  5041 | D:4      | Reached skill level 5 in Dodging
  5041 | D:4      | Reached XP level 8. HP: 24/34 MP: 7/16
  5190 | D:4      | Found Batzalupt's Assorted Antiques.
  5472 | D:4      | Learned a level 4 spell: Summon Lightning Spire
  5479 | D:5      | Entered Level 5 of the Dungeon
  5702 | D:5      | Noticed Blork the orc
  5709 | D:5      | Killed Blork the orc
  5710 | D:5      | Reached skill level 5 in Hexes
  5853 | D:5      | Found a staircase to the Ecumenical Temple.
  5862 | Temple   | Entered the Ecumenical Temple
  5936 | Temple   | Became a worshipper of Gozag Ym Sagoz the Greedy
  5999 | D:5      | Reached skill level 1 in Air Magic
  6400 | D:5      | Noticed Grinder
  6412 | D:5      | Killed Grinder
  6413 | D:5      | Reached skill level 4 in Fighting
  6413 | D:5      | Reached skill level 6 in Dodging
  6413 | D:5      | Reached skill level 7 in Summonings
  6413 | D:5      | Reached skill level 2 in Air Magic
  6736 | D:6      | Noticed Eustachio
  6901 | D:6      | Killed Eustachio
  6902 | D:6      | Reached XP level 9. HP: 34/39 MP: 9/18
  7145 | D:6      | Found an ancient bone altar of Kikubaaqudgha.
  7192 | D:6      | Reached skill level 6 in Spellcasting
  7240 | D:6      | Reached skill level 7 in Dodging
  7244 | D:6      | HP: 9/39 [poisoned by a water moccasin]
  7249 | D:6      | HP: 6/39 [poisoned by a water moccasin]
  7271 | D:6      | Reached skill level 3 in Air Magic
  7628 | D:6      | Found a snail-covered altar of Cheibriados.
  7870 | D:7      | Reached skill level 5 in Fighting
  7969 | D:7      | HP: 10/40 [orc wizard/magic dart (11)]
  8418 | D:7      | Found a shimmering blue altar of Sif Muna.
  8796 | D:7      | Reached skill level 8 in Summonings
  8921 | D:7      | Identified a scroll of acquirement
  8921 | D:7      | Acquired 1093 gold pieces
  9009 | D:8      | Reached skill level 8 in Dodging
  9009 | D:8      | Reached skill level 4 in Air Magic
  9554 | D:8      | Reached XP level 10. HP: 18/45 MP: 11/21
  9747 | D:8      | Found an iron altar of Okawaru.
  9855 | D:9      | Reached skill level 6 in Fighting
  9879 | D:9      | Reached skill level 7 in Spellcasting
  9892 | D:9      | Noticed Joseph
  9915 | D:9      | Killed Joseph
  9933 | D:9      | Reached skill level 9 in Dodging
  9962 | D:9      | Reached skill level 5 in Air Magic
 10557 | D:9      | Found a staircase to the Lair.
 10893 | D:9      | Noticed Harold
 10912 | D:9      | Killed Harold
 10913 | D:9      | Reached skill level 7 in Fighting
 10913 | D:9      | Reached skill level 9 in Summonings
 11048 | D:9      | Found a hide-covered altar of Uskayaw.
 11067 | D:9      | Found a blossoming altar of Fedhas.
 11072 | D:9      | Found an ornate altar of the Wu Jian Council.
 11079 | D:9      | Found a broken altar of Ashenzari.
 11080 | D:9      | Found a burning altar of Makhleb.
 11165 | D:9      | Found a sparkling altar of Nemelex Xobeh.
 11289 | D:9      | Noticed a deep elf pyromancer
 11302 | D:9      | Killed a deep elf pyromancer
 11303 | D:9      | Reached XP level 11. HP: 50/50 MP: 10/23
 11323 | D:9      | Reached skill level 10 in Dodging
 11482 | D:9      | Noticed a two-headed ogre
 11675 | D:9      | Killed a two-headed ogre
 11676 | D:9      | Reached skill level 8 in Spellcasting
 11787 | D:9      | Found a glowing golden altar of the Shining One.
 11970 | D:10     | Entered Level 10 of the Dungeon
 12005 | D:10     | Reached skill level 6 in Air Magic
 12236 | D:10     | Found a runed translucent gate.
 12236 | D:10     | Found a runed translucent gate.
 12262 | D:10     | Found a runed translucent gate.
 12265 | D:10     | Found a viscous altar of Jiyva.
 12265 | D:10     | Noticed Mitcholas's ghost (novice DEHu)
 12876 | D:10     | Noticed Amaemon
 12899 | D:10     | Killed Amaemon
 13326 | D:10     | Found a transporter.
 13356 | D:10     | Found a transporter.
 13467 | Lair:1   | Entered Level 1 of the Lair of Beasts
 13467 | Lair:1   | You fall into a shaft and drop 1 floor!
 13478 | Lair:2   | Reached skill level 8 in Fighting
 13483 | Lair:2   | Noticed a boulder beetle
 13576 | Lair:1   | Reached skill level 11 in Dodging
 13922 | Lair:1   | Noticed a four-headed hydra
 13935 | Lair:1   | Killed a four-headed hydra
 13936 | Lair:1   | Reached skill level 10 in Summonings
 14783 | Lair:2   | Noticed Gastronok
 14783 | Lair:2   | Noticed a five-headed hydra
 14910 | Lair:2   | HP: 1/52 [Gastronok/the air (32)]
 15091 | Lair:1   | Acquired a Fen Folio
 15135 | Lair:2   | Reached skill level 7 in Air Magic
 15146 | Lair:2   | Acquired 840 gold pieces
 15242 | Lair:2   | HP: 6/52 [Gastronok/the air (23)]
 15259 | Lair:2   | Killed Gastronok
 15260 | Lair:2   | Reached skill level 9 in Spellcasting
 15260 | Lair:2   | Gained mutation: Your thick and shaggy fur keeps you warm.
                  | (AC +3, rC+) [Felid growth]
 15260 | Lair:2   | Reached XP level 12. HP: 45/56 MP: 8/26
 15382 | Lair:2   | Killed a boulder beetle
 15410 | Lair:2   | HP: 12/56 [steam dragon] (14)]
 15577 | Lair:2   | Found a hide-covered altar of Uskayaw.
 15613 | Lair:2   | Learned a level 5 spell: Summon Forest
 15621 | Lair:2   | Learned a level 7 spell: Summon Hydra
 15661 | Lair:2   | Found an ornate altar of the Wu Jian Council.
 15780 | Lair:2   | Reached skill level 12 in Dodging
 15780 | Lair:2   | Reached skill level 1 in Translocations
 15796 | Lair:2   | Killed a five-headed hydra
 15797 | Lair:2   | Reached skill level 9 in Fighting
 15797 | Lair:2   | Reached skill level 2 in Translocations
 16066 | Lair:2   | Found a staircase to the Snake Pit.
 16398 | Lair:3   | Found a frozen archway.
 16428 | Lair:3   | HP: 7/57 [blink frog (8)]
 16447 | Lair:3   | Reached skill level 3 in Translocations
 16839 | Lair:3   | Found a staircase to the Shoals.
 17021 | Lair:3   | Noticed a five-headed hydra
 17038 | Lair:3   | Killed a five-headed hydra
 17039 | Lair:3   | Reached skill level 4 in Translocations
 17219 | Lair:3   | Found a glowing silver altar of Zin.
 17818 | Lair:4   | Noticed Sonja
 17837 | Lair:4   | Killed Sonja
 17864 | Lair:4   | Reached skill level 5 in Translocations
 17976 | Lair:4   | Noticed an eight-headed hydra
 17987 | Lair:4   | Killed an eight-headed hydra
 18112 | Lair:4   | Reached skill level 13 in Dodging
 18226 | Lair:4   | Reached skill level 10 in Spellcasting
 18566 | Lair:4   | Reached skill level 6 in Translocations
 18698 | Lair:4   | HP: 10/58 [themself (48)]
 18699 | Lair:4   | Reached XP level 13. HP: 10/61 MP: 20/28
 19226 | Lair:4   | Reached skill level 10 in Fighting
 19226 | Lair:4   | Reached skill level 11 in Summonings
 19543 | Lair:4   | Found a staircase to the Slime Pits.
 19660 | Lair:5   | Entered Level 5 of the Lair of Beasts
 19678 | Lair:5   | HP: 6/61 [catoblepas (27)]
 19690 | Lair:5   | Reached skill level 7 in Translocations
 20129 | Lair:5   | Reached skill level 8 in Translocations
 20616 | Lair:5   | Reached skill level 14 in Dodging
 20858 | Lair:5   | Reached skill level 9 in Translocations
 21133 | Lair:5   | Reached skill level 11 in Fighting
 21309 | Lair:5   | Reached skill level 12 in Summonings
 21971 | Lair:5   | Noticed a dire elephant
 21984 | Lair:5   | Reached skill level 10 in Translocations
 21986 | Lair:5   | Killed a dire elephant
 21987 | Lair:5   | Reached XP level 14. HP: 67/67 MP: 14/29
 22150 | Lair:5   | Found a burning altar of Makhleb.
 22184 | Lair:5   | HP: 7/67 [hell beast (19)]
 22592 | Lair:5   | Reached skill level 15 in Dodging
 22953 | Lair:5   | Reached skill level 12 in Fighting
 23213 | Lair:5   | Found a runed translucent gate.
 23213 | Lair:5   | Found a runed translucent gate.
 23239 | Lair:5   | Found a runed translucent gate.
 23240 | Lair:5   | Noticed Iich's ghost (journeyman DsBe)
 23241 | Lair:5   | Noticed arthad's ghost (journeyman FeSu)
 23377 | Lair:5   | Noticed acebull12's ghost (journeyman TrGl)
 23633 | Lair:5   | Killed arthad's ghost
 23663 | Lair:5   | HP: 7/69 [Iich's ghost (35)]
 23671 | Lair:5   | Killed Iich's ghost
 23692 | Lair:5   | Killed acebull12's ghost
 23909 | Lair:5   | Got Moeluecs's Folio of Nephomancy and Chilblains
 24020 | Lair:5   | Found a gateway to Hell.
 24146 | D:9      | Bought a scroll of identify for 34 gold pieces
 24146 | D:9      | Bought a scroll of blinking for 127 gold pieces
 24146 | D:9      | Bought a scroll of blinking for 127 gold pieces
 24146 | D:9      | Bought a scroll of identify for 34 gold pieces
 24375 | D:11     | Noticed Fannar
 24397 | D:11     | Killed Fannar
 24398 | D:11     | Reached skill level 13 in Summonings
 25343 | D:12     | Reached skill level 16 in Dodging
 26262 | D:12     | Found a staircase to the Orcish Mines.
 26295 | Orc:1    | Entered Level 1 of the Orcish Mines
 26701 | Orc:2    | Entered Level 2 of the Orcish Mines
 27507 | Orc:2    | Trevise: Found u
 27508 | Orc:2    | OTABOTABOTAB: HI
 27514 | Orc:2    | Trevise: I'm sorta here, but doing homework
 27535 | Orc:2    | OTABOTABOTAB: same here but studying
 27547 | Orc:2    | Trevise: Pilot things?
 27550 | Orc:2    | Noticed an orc warlord
 27555 | Orc:2    | Found a staircase to the Elven Halls.
 27585 | Orc:2    | Trevise: ugh, my stupid homework site won't load
 27592 | Orc:2    | Found Ehe Yph's Antique Weapon Boutique.
 27640 | Orc:2    | OTABOTABOTAB: yea captain stuff
 27640 | Orc:2    | OTABOTABOTAB: going to dallas tomorrow for a week for
                  | training for my airline transport certificate
 27802 | Orc:2    | Noticed an orc warlord
 27811 | Orc:2    | Killed an orc warlord
 28066 | Orc:2    | Reached skill level 13 in Fighting
 28709 | Orc:2    | Reached XP level 15. HP: 38/73 MP: 17/30
 28711 | Orc:2    | HP: 15/73 [burnt (4)]
 28717 | Orc:2    | HP: 3/73 [orc priest/divine providence (14)]
 29606 | Orc:2    | Reached skill level 17 in Dodging
 29631 | Orc:2    | Found Niomime's General Store.
 29632 | Orc:2    | Found Ninnour's Jewellery Emporium.
 29634 | Orc:2    | Found Lakloung's Antique Armour Emporium.
 29634 | Orc:2    | Found Piesow's Antique Weapon Shoppe.
 29650 | Orc:2    | Trevise: So is that commercial flights and stuff?
 29650 | Orc:2    | Trevise: Is this the last big step?
 29650 | Orc:2    | OTABOTABOTAB: oh i already fly commercial flights lol
 29650 | Orc:2    | OTABOTABOTAB: it's the final certificate
 29650 | Orc:2    | OTABOTABOTAB: which will get me up to captain
 29650 | Orc:2    | OTABOTABOTAB: so i'll be captain on a private jet
 29822 | Orc:2    | Trevise: niiice
 29822 | Orc:2    | Trevise: Is that more $$$?
 29822 | Orc:2    | Trevise: Sounds like it should be heh
 29822 | Orc:2    | OTABOTABOTAB: more money yea lol
 29823 | Orc:2    | Bought an Inescapable Atlas for 384 gold pieces
 29831 | Orc:2    | Learned a level 7 spell: Storm Form
 30136 | D:13     | Reached skill level 1 in Transmutations
 30655 | D:13     | Found Saekagun's Antique Armour Emporium.
 30745 | D:13     | Reached skill level 2 in Transmutations
 30761 | D:13     | Reached skill level 14 in Summonings
 30839 | D:13     | HP: 7/74 [manticore/volley of spikes (16)]
 31454 | D:14     | Reached skill level 3 in Transmutations
 31774 | D:14     | Found a shadowy altar of Dithmenos.
 31896 | D:14     | Found a gate to the Vaults.
 31941 | D:14     | Reached skill level 4 in Transmutations
 32209 | D:14     | Reached skill level 8 in Air Magic
 33108 | D:13     | HP: 11/74 [fire bat (8)]
 33110 | D:13     | Slain by a fire bat
 33111 | D:13     | Reached XP level 14. HP: 0/70 MP: 1/29
 33703 | D:14     | Noticed Kirke
 33718 | D:14     | Reached skill level 5 in Transmutations
 33860 | D:14     | Killed Kirke
 34407 | D:14     | HP: 14/70 [sun demon[a kobold demonologist] (12)]
 34408 | D:14     | Shot with an arrow by a centaur warrior
 34409 | D:14     | Reached XP level 13. HP: -7/66 MP: 10/28
 34409 | D:14     | Found a glowing silver altar of Zin.
 34432 | D:14     | Found a shimmering altar of Xom.
 34432 | D:14     | Found a hazy altar of Hepliaklqana.
 34471 | D:14     | Found a runed translucent door.
 34691 | D:14     | Found a shadowy altar of Dithmenos.
 34696 | D:14     | Found a blossoming altar of Fedhas.
 34696 | D:14     | Found a broken altar of Ashenzari.
 34984 | D:15     | Entered Level 15 of the Dungeon
 35043 | D:15     | Noticed Louise
 35074 | D:15     | Killed Louise
 35162 | D:15     | Noticed Agnes
 35174 | D:15     | Killed Agnes
 35404 | D:15     | HP: 9/67 [cyclops/large rock (35)]
 35602 | D:15     | Reached XP level 14. HP: 71/71 MP: 14/29
 35712 | D:15     | Reached skill level 6 in Transmutations
 36321 | D:15     | Noticed Roxanne
 36587 | D:15     | Killed Roxanne
 36769 | D:15     | Noticed Azrael
 36779 | D:15     | Reached skill level 9 in Air Magic
 37086 | D:15     | Noticed Jorgrun
 37110 | D:15     | HP: 13/71 [Jorgrun/iron shot (47)]
 37120 | D:15     | Killed Jorgrun
 37446 | D:15     | Found a white marble altar of Elyvilon.
 37737 | D:15     | Killed Azrael
 38240 | D:15     | Found a staircase to the Depths.
 38245 | D:15     | Bought an amulet of magic regeneration for 450 gold pieces
 38420 | Snake:1  | Entered Level 1 of the Snake Pit
 38465 | Snake:1  | Reached skill level 7 in Transmutations
 39212 | Snake:1  | Reached skill level 14 in Fighting
 40072 | Snake:2  | Reached skill level 18 in Dodging
 40685 | Snake:2  | Reached skill level 8 in Transmutations
 41075 | Snake:2  | Reached XP level 15. HP: 75/75 MP: 14/30
 41077 | Snake:2  | Reached skill level 10 in Air Magic
 42060 | Snake:2  | HP: 18/75 [naga sharpshooter/arrow (17)]
 42065 | Snake:2  | HP: 7/75 [naga sharpshooter/arrow (13)]
 42076 | Snake:2  | Killed from afar by a naga

Illustrated notes

Levels and vault maps discovered:
D:1:      psy_arrival_fountain, layout_loops_ring
D:2:      layout_loops_corners, shapermc_ecumenical_altar_mp_highgroup,
          uniq_sigmund
D:3:      layout_basic, gup_sewer_entry_spiral, hangedman_decor_growths,
          uniq_terence, uniq_natasha, uniq_robin
D:4:      layout_basic, mainiacjoe_overflow_brackets, zin_statuary,
          serial_shops, nicolae_shop_temple_entry_statues_fountains, uniq_ijyb,
          uniq_pikel
D:5:      layout_basic, minmay_temple_entry_metal_lava, uniq_grinder,
          uniq_blork_the_orc
D:6:      layout_rooms, old_standard_altar, slow_altar_1, serial_rivers,
          chequers_serial_rivers_small_a, chequers_serial_rivers_micro_d,
          chequers_serial_rivers_small_a, chequers_serial_rivers_micro_d,
          minmay_misc_feat_encased, minivault_25, uniq_eustachio
D:7:      layout_cave_pools, kennysheep_orc_sif_temple
D:8:      wander_river, layout_rooms, okawaru_humans, kennysheep_big_empty_room
D:9:      layout_basic, nicolae_overflow_hallway_of_the_gods,
          nicolae_overflow_hidden_temple, nicolae_tso_swordbearing_angel,
          lightli_bailey_entry_fortress, kennysheep_opposing_triangles,
          uniq_joseph, uniq_harold
D:10:     layout_cave_pools, gammafunk_ghost_ooze, grunt_ministairs_6,
          nicolae_diode_stairs, uniq_amaemon
D:11:     layout_rooms, uniq_fannar
D:12:     layout_roguey, orc_0_dummy
D:13:     layout_cave_pools, serial_shops, shop_statue, minivault_20,
          minivault_16
D:14:     due_megacathedral, layout_cave_pools,
          lightli_vaults_fourway_checkpoint, lemuel_round_altar,
          chequers_serial_rivers_micro_b, uniq_kirke
D:15:     grunt_enter_depths_magical_seal, layout_small_grid, elyvilon_altar_3,
          minmay_bent, uniq_roxanne, uniq_louise, uniq_azrael, uniq_agnes,
          uniq_jorgrun
Temple:   dpeg_three_leaves_temple
Lair:1:   layout_misc_corridors
Lair:2:   layout_roguey, nzn_masters_of_martial_movement, uniq_gastronok
Lair:3:   layout_roguey, minmay_shoals_entry_beasts,
          portal_ice_cave_entry_pillars_1, basic_altar
Lair:4:   layout_regular_city, slime_entry_1, infiniplex_staircase_pool_2,
          lemuel_fruit_fields, uniq_sonja
Lair:5:   evil_forest, layout_concentric_octagons, gammafunk_ghost_cemetery,
          serial_bayou_crossing
Snake:1:  layout_layer_cave, grunt_megastairs_3
Snake:2:  layout_grid_maze, minmay_snake_pond
Orc:1:    layout_caves
Orc:2:    st_orc_congregation, layout_caves, serial_shops,
          nicolae_shop_advertising_works [nicolae_subvault_shop_adworks]

Skill      XL: |  1  2  3  4  5  6  7  8  9 10 11 12 13 14 15 |
---------------+----------------------------------------------+-----
Spellcasting   | 4 5 6 7 9 10 | 10.0
Summonings     | 5 6 7 8 9 10 12 13 14 | 14.9
Dodging        | 3 4 5 6 8 9 11 13 14 18 17 | 18.3
Hexes          | 1 4 5 |  5.0
Fighting       | 2 3 4 5 7 8 9 11 14 | 14.3
Air Magic      | 2 4 5 7 9 10 | 10.2
Translocations | 6 10 | 10.0
Transmutations | 8 4 |  8.7
Stealth        | |  2.6

Action                   |  1- 3 |  4- 6 |  7- 9 | 10-12 | 13-15 || total
-------------------------+-------+-------+-------+-------+-------++-------
Melee: Unarmed           |       |       |     1 |     3 |    30 ||    34
       Punch             |       |       |     1 |       |       ||     1
       Bite              |       |       |       |       |     6 ||     6
 Cast: Summon Small Mamm |    53 |    26 |    59 |   117 |   169 ||   424
       Call Imp          |    24 |    12 |    31 |    62 |    87 ||   216
       Call Canine Famil |     6 |    16 |    39 |    73 |   126 ||   260
       Summon Guardian G |       |     2 |    17 |    82 |   113 ||   214
       Summon Lightning  |       |       |     4 |    45 |   106 ||   155
       Summon Forest     |       |       |       |     1 |    41 ||    42
       Summon Hydra      |       |       |       |       |   181 ||   181
Invok: Call Merchant     |       |       |       |     2 |     5 ||     7
Evoke: Wand              |       |       |       |       |     2 ||     2
  Use: Scroll            |       |     6 |    11 |    13 |    16 ||    46
       Potion            |       |       |       |     2 |     7 ||     9
 Stab: Betrayed ally     |       |       |       |     1 |       ||     1
Armor: Skin              |     1 |     1 |     4 |     6 |    49 ||    61
Dodge: Dodged            |    29 |    29 |    48 |   120 |   837 ||  1063

Table legend: (Time is in decaauts)
 A = Elapsed time spent in this place.
 B = Non-inter-level travel time spent in this place.
 C = Inter-level travel time spent in this place.
 D = Time resting spent in this place.
 E = Time spent auto-exploring this place.
 F = Levels seen in this place.
 G = Mean time per level.
                   A        B        C        D        E       F      G
               +--------+--------+--------+--------+--------+-----+--------+
         Total |  38671 |  37767 |    904 |   8150 |  21561 |  26 | 1487.3 |
       Dungeon |  21889 |  21298 |    591 |   3392 |  13124 |  15 | 1459.3 |
        Temple |     70 |     61 |      9 |      0 |     48 |   1 |   70.0 |
          Lair |   9932 |   9718 |    214 |   3132 |   4729 |   5 | 1986.4 |
     Snake Pit |   3294 |   3258 |     36 |    540 |   2287 |   2 | 1647.0 |
  Orcish Mines |   3313 |   3261 |     52 |   1085 |   1258 |   2 | 1656.5 |
         Sewer |    170 |    170 |      0 |      0 |    113 |   1 |  170.0 |
               +--------+--------+--------+--------+--------+-----+--------+

Top non-repeatable levels by time:
  Lair:5: 3662 daAuts
    D:14: 3638 daAuts
    D:15: 2543 daAuts
     D:9: 2496 daAuts
   Orc:2: 2425 daAuts
  Lair:4: 2226 daAuts
 Snake:2: 1917 daAuts
    D:13: 1485 daAuts
  Lair:1: 1460 daAuts
  Lair:3: 1403 daAuts
 Snake:1: 1376 daAuts
     D:2: 1291 daAuts
     D:3: 1271 daAuts
     D:1: 1204 daAuts
  Lair:2: 1181 daAuts

Table legend:
 A = Kills in this place as a percentage of kills in entire the game.
 B = Kills by you in this place as a percentage of kills by you in the entire game.
 C = Kills by friends in this place as a percentage of kills by friends in the entire game.
 D = Other kills in this place as a percentage of other kills in the entire game.
 E = Experience gained in this place as a percentage of experience gained in the entire game.
 F = Experience gained in this place divided by the number of levels of this place that you have seen.
                   A       B       C       D       E      F
               +-------+-------+-------+-------+-------+----------------------
         Total | 100.0 | 100.0 | 100.0 | 100.0 | 100.0 | 7407.4
       Dungeon |  56.3 | 100.0 |  56.5 |  52.2 |  40.0 | 5141.0
          Lair |  19.2 |   0.0 |  17.1 |  37.8 |  33.5 | 12892.6
     Snake Pit |   7.1 |   0.0 |   7.9 |   1.1 |  16.6 | 16018.0
  Orcish Mines |  17.0 |   0.0 |  18.1 |   7.8 |   9.8 | 9422.5
         Sewer |   0.5 |   0.0 |   0.4 |   1.1 |   0.1 | 134.0
               +-------+-------+-------+-------+-------+----------------------
